 Dungeon Crawl Stone Soup version 0.30-a0-371-gad7725a93e (webtiles) character file.

Game seed: 9337464065718455469

704 KennySheep the Trooper (level 7, 0/76 HPs)
             Began as an Ogre Berserker on Nov 20, 2022.
             Was a Believer of Trog.
             Slain by an ogre
             ... wielding a +0 giant club
              (17 damage)
             ... on level 5 of the Dungeon.
             The game lasted 00:07:04 (3306 turns).

KennySheep the Trooper (Ogre Berserker)             Turns: 3306, Time: 00:07:05

Health: 0/76       AC:  4    Str: 24      XL:     7   Next: 66%
Magic:  7/7        EV: 10    Int:  7 (8)  God:    Trog [**....]
Gold:   316        SH:  0    Dex:  8      Spells: 6/6 levels left

rFire   . . .      SeeInvis .    a - +0 spear
rCold   . . .      Faith    .    (no shield)
rNeg    . . .      Spirit   .    b - +1 animal skin
rPois   .          Reflect  .    (helmet restricted)
rElec   .          Harm     .    (no cloak)
rCorr   .          Rampage  .    (gloves unavailable)
Will    .....                    (boots unavailable)
Stlth   +.........               (no amulet)
HPRegen 0.32/turn                (no ring)
MPRegen 0.10/turn                (no ring)

@: on berserk cooldown, slowed, invisible, very slow
A: large, unfitting armour, tough skin 1
a: Renounce Religion, Berserk, Trog's Hand


You were on level 5 of the Dungeon.
You worshipped Trog.
Trog was pleased with you.
You visited 1 branch of the dungeon, and saw 5 of its levels.

You collected 316 gold pieces.

Inventory:

Hand Weapons
 a - a +0 spear (weapon)
Missiles
 e - 6 javelins (quivered)
 s - 29 stones
Armour
 b - a +1 animal skin (worn)
Jewellery
 q - an amulet of regeneration
Scrolls
 f - a scroll of blinking {unknown}
 i - 2 scrolls of teleportation {unknown}
 j - 2 scrolls of enchant armour
 k - a scroll of silence
 m - a scroll of torment
 n - 2 scrolls of identify
Potions
 o - a potion of lignification {unknown}


   Skills:
 + Level 6.6 Fighting
 * Level 6.5 Polearms
 + Level 4.5 Dodging


You had 6 spell levels left.
You didn't know any spells.
Your spell library was empty.

Dungeon Overview and Level Annotations

Branches:
Dungeon (5/15)             Temple (0/1) D:4

Altars:
Qazlal
Sif Muna
Trog
Vehumet


Innate Abilities, Weirdness & Mutations

You are too large for most types of armour.
You have tough skin. (AC +1)


Message History

You feel sick.
You feel sick.
You are no longer poisoned.
You see here a black bear corpse.
An ogre comes into view. It is wielding a +0 giant club.
The ogre shouts!
A red film seems to cover your vision as you go berserk!
You feel yourself moving faster!
You feel mighty!
You hit the ogre.
The ogre is lightly wounded.
You barely miss the ogre.
The ogre is lightly wounded.
The ogre closely misses you.
You puncture the ogre!
The ogre is severely wounded.
You closely miss the ogre.
The ogre is severely wounded.
You puncture the ogre!
The ogre is almost dead.
The ogre closely misses you.
You puncture the ogre!
You kill the ogre!
Trog accepts your kill.
You feel your dexterity returning.
Things that are here:
a +0 giant club; an ogre corpse You feel a strong urge to attack something.
You are no longer berserk.
You are exhausted.
You feel yourself slow down.
Things that are here:
a +0 giant club; an ogre corpse The ogre hits you with a +0 giant club!
You barely miss the ogre. You barely miss the ogre.
The ogre hits you with a +0 giant club!
* * * LOW HITPOINT WARNING * * *
It was a potion of invisibility.
You fade into invisibility!
The ogre hits you with a +0 giant club!
You die...

........#.#.#..<...# #.# #.#
#########.#.##########.# #.#
#..............# #.#
###.############ #.# ........#
#.# ############### #.#
..............# #.#
.........>###.###############.#
....#####.#....O@)............#
.#### #.#.#.#################
## #.#.#.# #.#.#.# #...#.# ##
##########.# .° .....☼☼☼.#.# ##
########.#.# °. .........#.+


You could see an ogre (unable to see you).

Vanquished Creatures
  Edmund (D:4)
  A black bear (D:5)
  2 ogres
  A centaur (D:5)
  A scorpion (D:4)
  A howler monkey (D:5)
  An orc wizard (D:5)
  4 adders
  An ufetubus (D:5)
  2 worms (D:2)
  3 dart slugs
  4 orcs
  2 ball pythons
  A bat (D:2)
  11 endoplasms
  2 giant cockroaches
  6 goblins
  9 hobgoblins
  4 jackals (D:2)
  4 frilled lizards
  8 kobolds
  12 rats
81 creatures vanquished.

Notes
Turn   | Place    | Note
-------+----------+-------------------------------------------
     0 | D:1      | KennySheep the Ogre Berserker began the quest for the Orb.
     0 | D:1      | Reached XP level 1. HP: 24/24 MP: 1/1
   148 | D:1      | Reached XP level 2. HP: 32/32 MP: 2/2
   258 | D:1      | Found a faded altar of an unknown god.
   652 | D:2      | Reached XP level 3. HP: 37/40 MP: 3/3
   696 | D:2      | Reached ** piety under Trog
  1329 | D:3      | Reached XP level 4. HP: 39/49 MP: 4/4
  1500 | D:3      | Found a bloodstained altar of Trog.
  1500 | D:3      | Found a stormy altar of Qazlal.
  1501 | D:3      | Found a radiant altar of Vehumet.
  1502 | D:3      | Found a shimmering blue altar of Sif Muna.
  2299 | D:4      | Noticed Edmund
  2312 | D:4      | Killed Edmund
  2313 | D:4      | Reached skill level 5 in Fighting
  2313 | D:4      | Reached skill level 5 in Polearms
  2313 | D:4      | Reached XP level 5. HP: 49/57 MP: 5/5
  2508 | D:4      | Reached XP level 6. HP: 66/66 MP: 6/6
  2599 | D:4      | Found a staircase to the Ecumenical Temple.
  2956 | D:5      | Entered Level 5 of the Dungeon
  3114 | D:5      | Noticed a black bear
  3120 | D:5      | Killed a black bear
  3121 | D:5      | Reached XP level 7. HP: 75/75 MP: 7/7
  3306 | D:5      | Slain by an ogre

Illustrated notes

Levels and vault maps discovered:
D:1:      doesnt_arrival_eight_statues, layout_rooms,
          hellmonk_ecumenical_altar_pennies_from_heaven, minmay_rat_gold_closets
D:2:      layout_basic, grunt_ministairs_11, kennysheep_generic_room_8
D:3:      layout_loops_ring, chequers_temple_overflow_statue_of_worship,
          minmay_strange_pillars, hangedman_decor_lopped
D:4:      layout_basic, minmay_temple_entry_arrows, uniq_pikel, uniq_edmund
D:5:      lemuel_ice_spiral_2, layout_basic, fedhas_bush_and_centaur_altar

Skill      XL: |  1  2  3  4  5  6  7 |
---------------+----------------------+-----
Dodging        | 3 4 |  4.5
Polearms       | 4 5 6 |  6.5
Fighting       | 5 6 |  6.6

Action                   |  1- 3 |  4- 6 |  7- 9 || total
-------------------------+-------+-------+-------++-------
Melee: Spear             |   176 |   124 |    75 ||   375
       Punch             |     2 |       |     2 ||     4
Invok: Berserk           |     1 |     4 |     1 ||     6
  Use: Scroll            |       |     3 |       ||     3
       Potion            |       |       |     7 ||     7
 Stab: Sleeping          |     3 |       |       ||     3
Armor: Animal skin       |    24 |    22 |    24 ||    70
Dodge: Dodged            |    66 |    34 |    52 ||   152

Table legend: (Time is in decaauts)
 A = Elapsed time spent in this place.
 B = Non-inter-level travel time spent in this place.
 C = Inter-level travel time spent in this place.
 D = Time resting spent in this place.
 E = Time spent auto-exploring this place.
 F = Levels seen in this place.
 G = Mean time per level.
                   A        B        C        D        E       F      G
               +--------+--------+--------+--------+--------+-----+--------+
         Total |   3314 |   3258 |     56 |    367 |   2165 |   5 |  662.8 |
       Dungeon |   3314 |   3258 |     56 |    367 |   2165 |   5 |  662.8 |
               +--------+--------+--------+--------+--------+-----+--------+

Top non-repeatable levels by time:
     D:3: 905 daAuts
     D:4: 818 daAuts
     D:2: 711 daAuts
     D:1: 537 daAuts
     D:5: 341 daAuts
